Influenza vs Harfangs
(R3)
Created - November 15, 2018 at 19:03
Goals
|
Influenza |
4 |
2 |
0 |
6 |
Harfangs |
1 |
2 |
1 |
4 |
|
Shots
|
Influenza |
13 |
15 |
7 |
35 |
Harfangs |
14 |
11 |
9 |
34 |
|
1st period
1. Influenza , Dmitry Sinitsyn 1 (Beau Bennett 12, Jimmy Vesey 10) at 9:35
2. Influenza , Jimmy Vesey 5 (Beau Bennett 13, Charlie Coyle 8) at 14:12
3. Influenza , Jimmy Vesey 6 (Beau Bennett 14, Mathieu Carle 10) at 16:22 (PP)
4. Harfangs , Andreas Martinsen 3 (Dylan Olsen 4, Anton Forsberg) at 17:37 (SH)
5. Influenza , Beau Bennett 15 (Calvin de Haan 22, Mathieu Carle 11) at 18:47
Penalties :
Dustin Jeffrey (BEA) for Hooking (Minor) at 11:31, Dylan Olsen (BEA) for Roughing (Minor) at 16:01, Jimmy Hayes (BEA) for Diving (Minor) at 16:27
2nd period
6. Influenza , Beau Bennett 16 (Mathieu Carle 12) at 0:10
7. Influenza , Nikita Gusev 1 (Paul Ladue 3) at 5:49
8. Harfangs , Cody Eakin 7 (Victor Bartley 7) at 12:20
9. Harfangs , Dustin Jeffrey 2 (Jimmy Hayes 6, Cody Eakin 10) at 17:49
Penalties :
Dustin Jeffrey (BEA) for Fighting (Major) at 5:56, Calvin de Haan (VJB) for Fighting (Major) at 5:56, Victor Bartley (BEA) for Goalie Interference (Minor) at 6:42, Iiro Pakarinen (VJB) for Hooking (Minor) at 14:05
3rd period
10. Harfangs , Tomas Kubalik 7 (Andreas Martinsen 6, Mark Visentin) at 13:38
Penalties :
Jimmy Hayes (BEA) for High sticking (Minor) at 7:15, Tim Erixon (VJB) for Hooking (Minor) at 8:56, Dmitry Sinitsyn (VJB) for Interference (Minor) at 15:42, Calvin de Haan (VJB) for Hooking (Minor) at 18:33
Goalie Stats
Tyson Sexsmith (VJB), 30 saves from 34 shots - (0.882), W, 3-1-0, 60:00 minutes
Anton Forsberg (BEA), 6 saves from 10 shots - (0.600), 18:47 minutes
Mark Visentin (BEA), 23 saves from 25 shots - (0.920), L, 0-1-0, 41:13 minutes
Players Stats for Influenza
Player Name G A P +/- PIM S H SB GA TA FO MP PP MP PK MP
------------------------------------------------------------------------------------
Anthony Mantha 0 0 0 -2 0 1 0 0 0 1 1/1 10:09 0:00 0:00
Beau Bennett 2 3 5 3 0 5 2 1 1 0 3/3 25:10 5:13 3:41
Calvin de Haan 0 1 1 0 7 2 1 1 0 0 0/0 26:31 4:26 3:00
Charlie Coyle 0 1 1 3 0 2 0 0 1 0 29/54 25:08 5:13 3:39
Dmitry Sinitsyn 1 0 1 0 2 3 1 3 0 1 0/0 13:44 1:12 0:00
Iiro Pakarinen 0 0 0 -1 2 3 4 0 0 0 0/0 14:28 2:46 0:00
Jake Guentzel 0 0 0 -2 0 2 0 0 1 0 4/6 10:09 0:00 0:00
Jimmy Vesey 2 1 3 3 0 3 1 0 4 0 0/2 23:00 5:13 1:39
Johan Larsson 0 0 0 -2 0 0 2 0 2 0 0/0 11:48 0:00 1:37
Jordan Schroeder 0 0 0 1 0 3 0 0 0 0 3/4 7:14 0:00 0:26
Justin Bailey 0 0 0 1 0 0 1 0 0 0 0/0 6:46 0:00 0:00
Mark Olver 0 0 0 -1 0 3 1 0 0 1 12/17 16:08 2:46 1:39
Mathieu Carle 0 3 3 0 0 2 1 2 2 1 0/0 30:26 5:38 3:53
Max Domi 0 0 0 -1 0 0 2 1 0 0 2/2 15:43 2:46 1:29
Nikita Gusev 1 0 1 1 0 3 2 0 0 0 0/0 6:46 0:00 0:00
Nikita Zadorov 0 0 0 0 0 0 0 0 0 0 0/0 11:41 0:00 1:44
Paul Ladue 0 1 1 1 0 3 0 0 0 1 0/0 18:54 2:21 3:12
Tim Erixon 0 0 0 1 2 0 2 4 0 1 0/0 18:47 2:20 2:21
Players Stats for Harfangs
Player Name G A P +/- PIM S H SB GA TA FO MP PP MP PK MP
------------------------------------------------------------------------------------
Andreas Martinsen 1 1 2 -1 0 2 5 1 0 0 0/0 17:26 3:02 2:02
Blake Heinrich 0 0 0 0 0 0 0 0 0 0 0/0 0:00 0:00 0:00
Boone Jenner 0 0 0 -1 0 0 1 0 0 0 4/7 11:01 0:00 0:49
Brandon Pirri 0 0 0 -2 0 1 0 1 0 0 0/1 10:35 0:11 0:00
Brandon Saad 0 0 0 -1 0 2 2 0 0 0 0/0 10:16 0:00 0:04
Brendan Leipsic 0 0 0 -1 0 0 0 0 0 0 0/0 3:42 0:00 3:21
Brenden Kichton 0 0 0 0 0 0 0 0 0 0 0/0 4:10 0:00 0:00
Calle Jarnkrok 0 0 0 -1 0 0 1 0 0 0 5/20 15:23 3:02 0:00
Cody Eakin 1 1 2 1 0 6 1 1 1 0 21/52 25:50 3:36 5:20
Colton Sissons 0 0 0 0 0 0 0 0 0 0 2/3 5:15 0:00 0:00
Cristoval Nieves 0 0 0 0 0 0 0 0 0 0 0/1 2:11 0:46 0:00
Dustin Jeffrey 1 0 1 2 7 3 3 0 0 0 0/0 18:49 3:26 0:03
Dylan Olsen 0 1 1 1 2 5 1 1 0 2 0/0 20:10 2:55 2:51
Jake Dotchin 0 0 0 0 0 1 0 0 0 0 0/0 9:14 0:00 0:00
Jimmy Hayes 0 1 1 1 4 6 4 2 1 0 1/2 23:06 3:46 2:46
Joel Armia 0 0 0 0 0 1 0 0 2 0 0/0 5:15 0:00 0:00
Jujhar Khaira 0 0 0 0 0 0 0 0 0 0 0/0 5:15 0:00 0:00
Laurent Dauphin 0 0 0 0 0 0 0 0 0 0 0/0 0:00 0:00 0:00
Mark Alt 0 0 0 0 0 1 0 1 0 0 0/0 10:30 0:00 1:16
Morgan Klimchuk 0 0 0 0 0 0 0 0 0 0 0/0 0:37 0:24 0:00
Reid McNeill 0 0 0 1 0 0 1 0 0 2 0/0 20:11 2:55 2:51
Steve McCarthy 0 0 0 -2 0 3 0 3 1 4 0/0 26:25 4:10 5:08
Tomas Kubalik 1 0 1 -1 0 2 1 1 0 0 2/3 16:57 3:02 1:33
Victor Bartley 0 1 1 -2 2 1 1 1 1 2 0/0 25:09 4:10 3:52
Zac Leslie 0 0 0 0 0 0 0 0 0 1 0/0 4:10 0:00 0:00
3 Stars
1 - Beau Bennett (VJB)
2 - Jimmy Vesey (VJB)
3 - Mathieu Carle (VJB)
Power Play
Influenza - 1 on 5 Attempt(s) - 20.00%
Harfangs - 0 on 4 Attempt(s) - 0.00%
Penalty Kill
Influenza - 4 on 4 Attempt(s) - 100.00%
- Score 0 goal in Penalty Kill
Harfangs - 4 on 5 Attempt(s) - 80.00%
- Score 1 goal in Penalty Kill
Team Stat
Influenza - Hits : 20 - Faceoff Wins : 54 - Blocked Shots : 12 - Penalty Minutes : 13
Harfangs - Hits : 21 - Faceoff Wins : 35 - Blocked Shots : 12 - Penalty Minutes : 15
Official
Referees : Unknown
Linesman : Unknown
Game Notes
Mark Visentin enters game at 18:47 of 1st period
Calvin de Haan beats up Dustin Jeffrey at 5:56 of 2nd period
Finance
Level 1 -- Attendance: 1409 (70.45%) -- Ticket Income $47,906
Level 2 -- Attendance: 677 (67.70%) -- Ticket Income $12,863
Total Attendance: 2086 (69.53%)
Total Ticket Income: $60,769
Other Income: $3,038
Total Income: $63,807
Influenza
5 vs 5 Forward
Center Left Wing Right Wing Time % Phy DF OF
1 Charlie Coyle Jimmy Vesey Beau Bennett 40 1 2 2
2 Mark Olver Max Domi Iiro Pakarinen 30 1 2 2
3 Jake Guentzel Johan Larsson Anthony Mantha 20 1 2 2
4 Jordan Schroeder Nikita Gusev Justin Bailey 10 1 2 2
5 vs 5 Defense
Defense Defense Time % Phy DF OF
1 Mathieu Carle Calvin de Haan 40 1 2 2
2 Paul Ladue Tim Erixon 30 1 2 2
3 Dmitry Sinitsyn Nikita Zadorov 20 1 2 2
4 Mathieu Carle Calvin de Haan 10 1 2 2
PowerPlay Forward
Center Left Wing Right Wing Time % Phy DF OF
1 Charlie Coyle Jimmy Vesey Beau Bennett 60 1 2 2
2 Mark Olver Max Domi Iiro Pakarinen 40 1 2 2
PowerPlay Defense
Defense Defense Time % Phy DF OF
1 Mathieu Carle Calvin de Haan 60 1 2 2
2 Paul Ladue Tim Erixon 40 1 2 2
Penalty Kill 4 Players Forward
Center Wing Time % Phy DF OF
1 Charlie Coyle Beau Bennett 60 1 2 2
2 Mark Olver Jimmy Vesey 40 1 2 2
Penalty Kill 4 Players Defense
Defense Defense Time % Phy DF OF
1 Mathieu Carle Calvin de Haan 60 1 2 2
2 Paul Ladue Tim Erixon 40 1 2 2
Penalty Kill - 3 Players Forward
Forward Time % Phy DF OF
1 Charlie Coyle 60 1 2 2
2 Mark Olver 40 1 2 2
Penalty Kill - 3 Players Defense
Defense Defense Time % Phy DF OF
1 Mathieu Carle Calvin de Haan 60 1 2 2
2 Paul Ladue Tim Erixon 40 1 2 2
4 vs 4 Forward
Center Wing Time % Phy DF OF
1 Charlie Coyle Beau Bennett 60 1 2 2
2 Mark Olver Jimmy Vesey 40 1 2 2
4 vs 4 Defense
Defense Defense Time % Phy DF OF
1 Mathieu Carle Calvin de Haan 60 1 2 2
2 Paul Ladue Tim Erixon 40 1 2 2
Last Minutes Offensive
Center Left Wing Right Wing Defense Defense
Charlie Coyle Jimmy Vesey Beau Bennett Mathieu Carle Calvin de Haan
Last Minutes Defensive
Center Left Wing Right Wing Defense Defense
Charlie Coyle Jimmy Vesey Beau Bennett Mathieu Carle Calvin de Haan
Goaltenders
Starting : Tyson Sexsmith
Backup : Jeremy Duchesne
Extra Forwards
Normal : Jake Guentzel, Jordan Schroeder, Max Domi - PP : Jake Guentzel, Jordan Schroeder - PK : Max Domi
Extra Defensemen
Normal : Dmitry Sinitsyn, Nikita Zadorov, Paul Ladue - PP : Dmitry Sinitsyn - PK : Nikita Zadorov, Paul Ladue
Penalty Shots
Jimmy Vesey, Charlie Coyle, Beau Bennett, Mark Olver, Max Domi
Scratches
Jacob Josefson (Healthy), Shane Prince (Healthy), Jamie Devane (Healthy), Jeff Corbett (Healthy), Joe Morrow (Healthy)
Henri Ikonen (Healthy), Fredric Larsson (Healthy), Tom Kuhnhackl (Healthy), Rocco Grimaldi (Healthy), Josh Andrerson (Healthy)
Jesse Graham (Healthy), Jamie Phillips (Healthy)
Harfangs
5 vs 5 Forward
Center Left Wing Right Wing Time % Phy DF OF
1 Cody Eakin Dustin Jeffrey Jimmy Hayes 40 1 2 2
2 Calle Jarnkrok Andreas Martinsen Tomas Kubalik 30 1 2 2
3 Boone Jenner Brandon Saad Brandon Pirri 20 1 2 2
4 Colton Sissons Jujhar Khaira Joel Armia 10 1 2 2
5 vs 5 Defense
Defense Defense Time % Phy DF OF
1 Steve McCarthy Victor Bartley 40 1 2 2
2 Dylan Olsen Reid McNeill 30 1 2 2
3 Mark Alt Jake Dotchin 20 1 2 2
4 Brenden Kichton Zac Leslie 10 1 2 2
PowerPlay Forward
Center Left Wing Right Wing Time % Phy DF OF
1 Cody Eakin Dustin Jeffrey Jimmy Hayes 60 1 2 2
2 Calle Jarnkrok Andreas Martinsen Tomas Kubalik 40 1 2 2
PowerPlay Defense
Defense Defense Time % Phy DF OF
1 Steve McCarthy Victor Bartley 60 1 2 2
2 Dylan Olsen Reid McNeill 40 1 2 2
Penalty Kill 4 Players Forward
Center Wing Time % Phy DF OF
1 Cody Eakin Jimmy Hayes 60 1 2 2
2 Tomas Kubalik Dustin Jeffrey 40 1 2 2
Penalty Kill 4 Players Defense
Defense Defense Time % Phy DF OF
1 Steve McCarthy Victor Bartley 60 1 2 2
2 Dylan Olsen Reid McNeill 40 1 2 2
Penalty Kill - 3 Players Forward
Forward Time % Phy DF OF
1 Cody Eakin 60 1 2 2
2 Jimmy Hayes 40 1 2 2
Penalty Kill - 3 Players Defense
Defense Defense Time % Phy DF OF
1 Steve McCarthy Victor Bartley 60 1 2 2
2 Dylan Olsen Reid McNeill 40 1 2 2
4 vs 4 Forward
Center Wing Time % Phy DF OF
1 Cody Eakin Jimmy Hayes 60 1 2 2
2 Tomas Kubalik Dustin Jeffrey 40 1 2 2
4 vs 4 Defense
Defense Defense Time % Phy DF OF
1 Steve McCarthy Victor Bartley 60 1 2 2
2 Dylan Olsen Reid McNeill 40 1 2 2
Last Minutes Offensive
Center Left Wing Right Wing Defense Defense
Cody Eakin Dustin Jeffrey Jimmy Hayes Steve McCarthy Victor Bartley
Last Minutes Defensive
Center Left Wing Right Wing Defense Defense
Cody Eakin Dustin Jeffrey Jimmy Hayes Steve McCarthy Victor Bartley
Goaltenders
Starting : Anton Forsberg
Backup : Mark Visentin
Extra Forwards
Normal : Cristoval Nieves, Morgan Klimchuk, Brendan Leipsic - PP : Cristoval Nieves, Morgan Klimchuk - PK : Brendan Leipsic
Extra Defensemen
Normal : Blake Heinrich, Mark Alt, Jake Dotchin - PP : Blake Heinrich - PK : Mark Alt, Jake Dotchin
Penalty Shots
Cody Eakin, Jimmy Hayes, Tomas Kubalik, Dustin Jeffrey, Brandon Pirri
Scratches
John Macfarland (Healthy), Nick Sorensen (Healthy), Rinat Valiev (Healthy), Jason Kasdorf (Healthy), Scott Wedgewood (Healthy)
Zachary Fucale (Healthy)
% Time on Ice - Influenza
Lines # - Real PCT - Wanted PCT - Time Play
Normal Forward
1 - 36% - 40% - 16:00
2 - 26% - 30% - 11:43
3 - 23% - 20% - 10:09
4 - 15% - 10% - 6:46
Normal Defense
1 - 40% - 40% - 17:49
2 - 33% - 30% - 14:38
3 - 20% - 20% - 9:01
4 - 7% - 10% - 3:10
PP Forward
1 - 65% - 60% - 5:13
2 - 35% - 40% - 2:46
PP Defense
1 - 71% - 60% - 5:38
2 - 29% - 40% - 2:21
PK Forward
1 - 77% - 60% - 5:26
2 - 23% - 40% - 1:39
PK Defense
1 - 55% - 60% - 3:53
2 - 45% - 40% - 3:12
PK3 Forward
1 - 0% - 60%
2 - 0% - 40%
PK3 Defense
1 - 0% - 60%
2 - 0% - 40%
44 Forward
1 - 100% - 60% - 0:18
2 - 0% - 40% - 0:00
44 Defense
1 - 100% - 60% - 0:18
2 - 0% - 40% - 0:00
Last Minute Offensive - 0:00
Last Minute Defensive - 0:00
Total
Forward - 60:00
Defense - 60:00
|
% Time on Ice - Harfangs
Lines # - Real PCT - Wanted PCT - Time Play
Normal Forward
1 - 38% - 40% - 16:49
2 - 28% - 30% - 12:22
3 - 23% - 20% - 10:12
4 - 12% - 10% - 5:15
Normal Defense
1 - 38% - 40% - 17:07
2 - 32% - 30% - 14:07
3 - 21% - 20% - 9:14
4 - 9% - 10% - 4:10
PP Forward
1 - 57% - 60% - 4:03
2 - 43% - 40% - 3:02
PP Defense
1 - 59% - 60% - 4:10
2 - 41% - 40% - 2:55
PK Forward
1 - 81% - 60% - 6:26
2 - 19% - 40% - 1:33
PK Defense
1 - 64% - 60% - 5:08
2 - 36% - 40% - 2:51
PK3 Forward
1 - 0% - 60%
2 - 0% - 40%
PK3 Defense
1 - 0% - 60%
2 - 0% - 40%
44 Forward
1 - 100% - 60% - 0:18
2 - 0% - 40% - 0:00
44 Defense
1 - 0% - 60% - 0:00
2 - 100% - 40% - 0:18
Last Minute Offensive - 0:00
Last Minute Defensive - 0:00
Total
Forward - 60:00
Defense - 60:00
|
Play by Play
1st period
0:01 of 1st period - Cody Eakin wins face-off versus Charlie Coyle in neutral zone.
0:08 of 1st period - Wrist shot by Jimmy Hayes.
0:08 of 1st period - Stopped by Tyson Sexsmith with a rebound.
1:06 of 1st period - Mark Alt is hit by Justin Bailey and loses puck.
1:15 of 1st period - Snap shot by Jordan Schroeder.
1:15 of 1st period - Shot Misses the Net.
1:24 of 1st period - Icing by Dmitry Sinitsyn.
1:25 of 1st period - Jordan Schroeder wins face-off versus Cody Eakin in Influenza zone.
1:25 of 1st period - Jordan Schroeder is hit by Jimmy Hayes.
1:41 of 1st period - Snap shot by Jimmy Hayes.
1:41 of 1st period - Stopped by Tyson Sexsmith without a rebound.
1:42 of 1st period - Mark Olver wins face-off versus Calle Jarnkrok in Influenza zone.
2:33 of 1st period - Snap shot by Jake Guentzel.
2:33 of 1st period - Stopped by Anton Forsberg without a rebound.
2:34 of 1st period - Charlie Coyle wins face-off versus Calle Jarnkrok in Harfangs zone.
2:49 of 1st period - Snap shot by Andreas Martinsen.
2:49 of 1st period - Deflect By Beau Bennett.
2:49 of 1st period - Shot Blocked by Tim Erixon.
2:49 of 1st period - Puck is out of play.
2:50 of 1st period - Jimmy Hayes wins face-off versus Mark Olver in Influenza zone.
3:04 of 1st period - Icing by Tim Erixon.
3:05 of 1st period - Boone Jenner wins face-off versus Mark Olver in Influenza zone.
3:12 of 1st period - Wrist shot by Boone Jenner.
3:12 of 1st period - Shot Misses the Net.
3:14 of 1st period - Wrist shot by Brandon Saad.
3:14 of 1st period - Deflect By Brandon Pirri.
3:14 of 1st period - Shot Misses the Net.
3:14 of 1st period - Puck is out of play.
3:15 of 1st period - Charlie Coyle wins face-off versus Boone Jenner in Influenza zone.
3:59 of 1st period - Wrist shot by Andreas Martinsen.
3:59 of 1st period - Shot Misses the Net.
4:25 of 1st period - Slapshot by Brandon Saad.
4:25 of 1st period - Stopped by Tyson Sexsmith with a rebound.
4:27 of 1st period - Wrist shot by Brandon Pirri.
4:27 of 1st period - Stopped by Tyson Sexsmith with a rebound.
4:29 of 1st period - Slapshot by Victor Bartley.
4:29 of 1st period - Stopped by Tyson Sexsmith without a rebound.
4:30 of 1st period - Boone Jenner wins face-off versus Jimmy Vesey in Influenza zone.
4:59 of 1st period - Icing by Cody Eakin.
5:00 of 1st period - Jake Guentzel wins face-off versus Cody Eakin in Harfangs zone.
5:01 of 1st period - Snap shot by Johan Larsson.
5:01 of 1st period - Shot Misses the Net.
5:11 of 1st period - Snap shot by Cody Eakin.
5:11 of 1st period - Shot Misses the Net.
5:45 of 1st period - Snap shot by Johan Larsson.
5:45 of 1st period - Shot Blocked by Cody Eakin.
6:03 of 1st period - Slapshot by Jimmy Hayes.
6:03 of 1st period - Stopped by Tyson Sexsmith without a rebound.
6:04 of 1st period - Charlie Coyle wins face-off versus Calle Jarnkrok in Influenza zone.
6:31 of 1st period - Dylan Olsen is hit by Mathieu Carle and loses puck.
6:56 of 1st period - Dmitry Sinitsyn is hit by Brandon Saad and loses puck.
7:17 of 1st period - Victor Bartley is hit by Dmitry Sinitsyn and loses puck.
8:17 of 1st period - Snap shot by Jimmy Hayes.
8:17 of 1st period - Stopped by Tyson Sexsmith with a rebound.
8:31 of 1st period - Snap shot by Joel Armia.
8:31 of 1st period - Stopped by Tyson Sexsmith without a rebound.
8:32 of 1st period - Colton Sissons wins face-off versus Charlie Coyle in Influenza zone.
8:45 of 1st period - Off-side.
8:46 of 1st period - Calle Jarnkrok wins face-off versus Charlie Coyle in neutral zone.
8:56 of 1st period - Icing by Calvin de Haan.
8:57 of 1st period - Charlie Coyle wins face-off versus Cody Eakin in Influenza zone.
9:33 of 1st period - Slapshot by Beau Bennett.
9:33 of 1st period - Shot Misses the Net.
9:35 of 1st period - Slapshot by Dmitry Sinitsyn.
9:35 of 1st period - Goal by Dmitry Sinitsyn - Influenza : 1 - Harfangs : 0.
9:36 of 1st period - Max Domi wins face-off versus Calle Jarnkrok in neutral zone.
9:41 of 1st period - Wrist shot by Iiro Pakarinen.
9:41 of 1st period - Shot Misses the Net.
10:44 of 1st period - Jujhar Khaira is hit by Tim Erixon and loses puck.
10:58 of 1st period - Icing by Zac Leslie.
10:59 of 1st period - Mark Olver wins face-off versus Calle Jarnkrok in Harfangs zone.
11:26 of 1st period - Backhand shot by Mark Olver.
11:26 of 1st period - Stopped by Anton Forsberg without a rebound.
11:27 of 1st period - Beau Bennett wins face-off versus Cody Eakin in Harfangs zone.
11:28 of 1st period - Snap shot by Jimmy Vesey.
11:28 of 1st period - Deflect By Charlie Coyle.
11:28 of 1st period - Shot Misses the Net.
11:28 of 1st period - Puck is out of play.
11:29 of 1st period - Cody Eakin wins face-off versus Charlie Coyle in Harfangs zone.
11:31 of 1st period - Minor Penalty to Dustin Jeffrey for Hooking.
11:32 of 1st period - Charlie Coyle wins face-off versus Cody Eakin in Harfangs zone.
12:27 of 1st period - Off-side.
12:28 of 1st period - Tomas Kubalik wins face-off versus Charlie Coyle in neutral zone.
13:19 of 1st period - Snap shot by Andreas Martinsen.
13:19 of 1st period - Shot Misses the Net.
13:31 of 1st period - Penalty to Dustin Jeffrey is over, Dustin Jeffrey is back on ice.
13:43 of 1st period - Wrist shot by Brandon Saad.
13:43 of 1st period - Shot Blocked by Dmitry Sinitsyn.
13:45 of 1st period - Wrist shot by Brandon Saad.
13:45 of 1st period - Stopped by Tyson Sexsmith without a rebound.
13:46 of 1st period - Jake Guentzel wins face-off versus Brandon Pirri in Influenza zone.
13:58 of 1st period - Slapshot by Steve McCarthy.
13:58 of 1st period - Stopped by Tyson Sexsmith without a rebound.
13:59 of 1st period - Calle Jarnkrok wins face-off versus Charlie Coyle in Influenza zone.
14:06 of 1st period - Wrist shot by Calle Jarnkrok.
14:06 of 1st period - Deflect By Jimmy Vesey.
14:06 of 1st period - Shot Blocked by Tim Erixon.
14:06 of 1st period - Puck is out of play.
14:07 of 1st period - Charlie Coyle wins face-off versus Calle Jarnkrok in Influenza zone.
14:12 of 1st period - Wrist shot by Jimmy Vesey.
14:12 of 1st period - Goal by Jimmy Vesey - Influenza : 2 - Harfangs : 0.
14:13 of 1st period - Cody Eakin wins face-off versus Charlie Coyle in neutral zone.
14:16 of 1st period - Slapshot by Steve McCarthy.
14:16 of 1st period - Deflect By Calvin de Haan.
14:16 of 1st period - Stopped by Tyson Sexsmith with a rebound.
15:07 of 1st period - Off-side.
15:08 of 1st period - Mark Olver wins face-off versus Cody Eakin in neutral zone.
15:41 of 1st period - Snap shot by Jake Guentzel.
15:41 of 1st period - Stopped by Anton Forsberg without a rebound.
15:42 of 1st period - Charlie Coyle wins face-off versus Cody Eakin in Harfangs zone.
15:57 of 1st period - Slapshot by Beau Bennett.
15:57 of 1st period - Deflect By Charlie Coyle.
15:57 of 1st period - Shot Misses the Net.
15:57 of 1st period - Puck is out of play.
15:58 of 1st period - Calle Jarnkrok wins face-off versus Mark Olver in Harfangs zone.
15:58 of 1st period - Calle Jarnkrok is hit by Max Domi.
16:01 of 1st period - Minor Penalty to Dylan Olsen for Roughing.
16:02 of 1st period - Charlie Coyle wins face-off versus Jimmy Hayes in Harfangs zone.
16:08 of 1st period - Wrist shot by Beau Bennett.
16:08 of 1st period - Shot Blocked by Steve McCarthy.
16:10 of 1st period - Wrist shot by Charlie Coyle.
16:10 of 1st period - Stopped by Anton Forsberg without a rebound.
16:11 of 1st period - Charlie Coyle wins face-off versus Cody Eakin in Harfangs zone.
16:16 of 1st period - Snap shot by Beau Bennett.
16:16 of 1st period - Shot Misses the Net.
16:18 of 1st period - Slapshot by Mathieu Carle.
16:18 of 1st period - Shot Blocked by Jimmy Hayes.
16:20 of 1st period - Snap shot by Beau Bennett.
16:20 of 1st period - Shot Blocked by Jimmy Hayes.
16:22 of 1st period - Wrist shot by Jimmy Vesey.
16:22 of 1st period - Goal by Jimmy Vesey - Influenza : 3 - Harfangs : 0.
16:23 of 1st period - Cody Eakin wins face-off versus Charlie Coyle in neutral zone.
16:27 of 1st period - Minor Penalty to Jimmy Hayes for Diving.
16:28 of 1st period - Cody Eakin wins face-off versus Charlie Coyle in Harfangs zone.
17:06 of 1st period - Andreas Martinsen is hit by Iiro Pakarinen and loses puck.
17:37 of 1st period - Slapshot by Andreas Martinsen.
17:37 of 1st period - Goal by Andreas Martinsen - Influenza : 3 - Harfangs : 1.
17:38 of 1st period - Cody Eakin wins face-off versus Jimmy Vesey in neutral zone.
17:47 of 1st period - Slapshot by Cody Eakin.
17:47 of 1st period - Stopped by Tyson Sexsmith without a rebound.
17:48 of 1st period - Beau Bennett wins face-off versus Cody Eakin in Influenza zone.
18:07 of 1st period - Icing by Charlie Coyle.
18:08 of 1st period - Cody Eakin wins face-off versus Charlie Coyle in Influenza zone.
18:15 of 1st period - Slapshot by Calvin de Haan.
18:15 of 1st period - Stopped by Anton Forsberg with a rebound.
18:17 of 1st period - Slapshot by Mathieu Carle.
18:17 of 1st period - Stopped by Anton Forsberg with a rebound.
18:27 of 1st period - Penalty to Jimmy Hayes is over, Jimmy Hayes is back on ice.
18:33 of 1st period - Slapshot by Cody Eakin.
18:33 of 1st period - Stopped by Tyson Sexsmith with a rebound.
18:47 of 1st period - Wrist shot by Beau Bennett.
18:47 of 1st period - Goal by Beau Bennett - Influenza : 4 - Harfangs : 1.
18:47 of 1st period - Mark Visentin enters game.
18:48 of 1st period - Mark Olver wins face-off versus Calle Jarnkrok in neutral zone.
18:55 of 1st period - Wrist shot by Iiro Pakarinen.
18:55 of 1st period - Shot Misses the Net.
18:57 of 1st period - Wrist shot by Mark Olver.
18:57 of 1st period - Stopped by Mark Visentin with a rebound.
18:59 of 1st period - Snap shot by Iiro Pakarinen.
18:59 of 1st period - Stopped by Mark Visentin with a rebound.
19:07 of 1st period - Paul Ladue is hit by Andreas Martinsen.
19:23 of 1st period - Wrist shot by Anthony Mantha.
19:23 of 1st period - Stopped by Mark Visentin without a rebound.
19:24 of 1st period - Jake Guentzel wins face-off versus Cody Eakin in Harfangs zone.
Goals for this period are 4 for Influenza vs 1 for Harfangs.
Shots for this period are 13 for Influenza vs 14 for Harfangs.
2nd period
0:01 of 2nd period - Charlie Coyle wins face-off versus Cody Eakin in neutral zone.
0:10 of 2nd period - Snap shot by Beau Bennett.
0:10 of 2nd period - Goal by Beau Bennett - Influenza : 5 - Harfangs : 1.
0:11 of 2nd period - Charlie Coyle wins face-off versus Cody Eakin in neutral zone.
0:23 of 2nd period - Icing by Steve McCarthy.
0:24 of 2nd period - Charlie Coyle wins face-off versus Cody Eakin in Harfangs zone.
0:33 of 2nd period - Snap shot by Dustin Jeffrey.
0:33 of 2nd period - Shot Blocked by Beau Bennett.
0:35 of 2nd period - Snap shot by Jimmy Hayes.
0:35 of 2nd period - Shot Misses the Net.
0:37 of 2nd period - Wrist shot by Dustin Jeffrey.
0:37 of 2nd period - Deflect By Jimmy Hayes.
0:37 of 2nd period - Stopped by Tyson Sexsmith with a rebound.
0:39 of 2nd period - Snap shot by Steve McCarthy.
0:39 of 2nd period - Stopped by Tyson Sexsmith without a rebound.
0:40 of 2nd period - Mark Olver wins face-off versus Calle Jarnkrok in Influenza zone.
0:44 of 2nd period - Off-side.
0:45 of 2nd period - Mark Olver wins face-off versus Calle Jarnkrok in neutral zone.
0:48 of 2nd period - Wrist shot by Iiro Pakarinen.
0:48 of 2nd period - Stopped by Mark Visentin with a rebound.
1:34 of 2nd period - Snap shot by Justin Bailey.
1:34 of 2nd period - Shot Blocked by Mark Alt.
1:36 of 2nd period - Slapshot by Paul Ladue.
1:36 of 2nd period - Stopped by Mark Visentin without a rebound.
1:37 of 2nd period - Max Domi wins face-off versus Calle Jarnkrok in Harfangs zone.
2:22 of 2nd period - Steve McCarthy is hit by Nikita Gusev and loses puck.
2:29 of 2nd period - Nikita Zadorov is hit by Boone Jenner and loses puck.
3:21 of 2nd period - Snap shot by Cody Eakin.
3:21 of 2nd period - Shot Misses the Net.
3:23 of 2nd period - Slapshot by Mark Alt.
3:23 of 2nd period - Deflect By Dustin Jeffrey.
3:23 of 2nd period - Stopped by Tyson Sexsmith without a rebound.
3:24 of 2nd period - Calle Jarnkrok wins face-off versus Mark Olver in Influenza zone.
3:29 of 2nd period - Snap shot by Tomas Kubalik.
3:29 of 2nd period - Stopped by Tyson Sexsmith with a rebound.
3:32 of 2nd period - Icing by Mathieu Carle.
3:33 of 2nd period - Mark Olver wins face-off versus Calle Jarnkrok in Influenza zone.
3:33 of 2nd period - Mark Olver is hit by Reid McNeill.
4:06 of 2nd period - Backhand shot by Iiro Pakarinen.
4:06 of 2nd period - Shot Misses the Net.
4:08 of 2nd period - Snap shot by Iiro Pakarinen.
4:08 of 2nd period - Stopped by Mark Visentin with a rebound.
4:10 of 2nd period - Backhand shot by Mark Olver.
4:10 of 2nd period - Shot Misses the Net.
4:18 of 2nd period - Snap shot by Iiro Pakarinen.
4:18 of 2nd period - Shot Blocked by Dylan Olsen.
4:20 of 2nd period - Backhand shot by Calvin de Haan.
4:20 of 2nd period - Shot Misses the Net.
4:22 of 2nd period - Slapshot by Calvin de Haan.
4:22 of 2nd period - Deflect By Tomas Kubalik.
4:22 of 2nd period - Stopped by Mark Visentin without a rebound.
4:23 of 2nd period - Charlie Coyle wins face-off versus Cody Eakin in Harfangs zone.
4:55 of 2nd period - Snap shot by Brandon Pirri.
4:55 of 2nd period - Deflect By Brandon Saad.
4:55 of 2nd period - Shot Blocked by Tim Erixon.
4:55 of 2nd period - Puck is out of play.
4:56 of 2nd period - Cody Eakin wins face-off versus Jake Guentzel in Influenza zone.
5:18 of 2nd period - Icing by Mark Alt.
5:19 of 2nd period - Cody Eakin wins face-off versus Charlie Coyle in Harfangs zone.
5:44 of 2nd period - Boone Jenner is hit by Nikita Gusev and loses puck.
5:49 of 2nd period - Wrist shot by Nikita Gusev.
5:49 of 2nd period - Goal by Nikita Gusev - Influenza : 6 - Harfangs : 1.
5:50 of 2nd period - Charlie Coyle wins face-off versus Cody Eakin in neutral zone.
5:56 of 2nd period - Calvin de Haan beats up Dustin Jeffrey.
5:56 of 2nd period - Penalty to Dustin Jeffrey for Fighting.
5:56 of 2nd period - Penalty to Calvin de Haan for Fighting.
5:57 of 2nd period - Charlie Coyle wins face-off versus Cody Eakin in Harfangs zone.
6:23 of 2nd period - Andreas Martinsen is hit by Iiro Pakarinen and loses puck.
6:28 of 2nd period - Snap shot by Max Domi.
6:28 of 2nd period - Shot Misses the Net.
6:42 of 2nd period - Minor Penalty to Victor Bartley for Goalie Interference.
6:43 of 2nd period - Charlie Coyle wins face-off versus Cody Eakin in Harfangs zone.
6:44 of 2nd period - Wrist shot by Beau Bennett.
6:44 of 2nd period - Stopped by Mark Visentin with a rebound.
6:46 of 2nd period - Snap shot by Mathieu Carle.
6:46 of 2nd period - Shot Misses the Net.
6:48 of 2nd period - Backhand shot by Mathieu Carle.
6:48 of 2nd period - Stopped by Mark Visentin without a rebound.
6:49 of 2nd period - Charlie Coyle wins face-off versus Cody Eakin in Harfangs zone.
6:52 of 2nd period - Wrist shot by Charlie Coyle.
6:52 of 2nd period - Shot Misses the Net.
6:54 of 2nd period - Slapshot by Dmitry Sinitsyn.
6:54 of 2nd period - Shot Misses the Net.
6:56 of 2nd period - Wrist shot by Dmitry Sinitsyn.
6:56 of 2nd period - Deflect By Cody Eakin.
6:56 of 2nd period - Stopped by Mark Visentin without a rebound.
6:57 of 2nd period - Charlie Coyle wins face-off versus Cody Eakin in Harfangs zone.
7:29 of 2nd period - Iiro Pakarinen is hit by Dylan Olsen and loses puck.
7:41 of 2nd period - Off-side.
7:42 of 2nd period - Tomas Kubalik wins face-off versus Charlie Coyle in neutral zone.
7:57 of 2nd period - Snap shot by Tomas Kubalik.
7:57 of 2nd period - Shot Blocked by Tim Erixon.
8:42 of 2nd period - Penalty to Victor Bartley is over, Victor Bartley is back on ice.
9:57 of 2nd period - Iiro Pakarinen is hit by Jimmy Hayes and loses puck.
11:15 of 2nd period - Icing by Dmitry Sinitsyn.
11:16 of 2nd period - Jordan Schroeder wins face-off versus Boone Jenner in Influenza zone.
11:45 of 2nd period - Wrist shot by Max Domi.
11:45 of 2nd period - Deflect By Mark Olver.
11:45 of 2nd period - Stopped by Mark Visentin without a rebound.
11:46 of 2nd period - Mark Olver wins face-off versus Cody Eakin in Harfangs zone.
11:49 of 2nd period - Snap shot by Max Domi.
11:49 of 2nd period - Deflect By Jimmy Hayes.
11:49 of 2nd period - Shot Misses the Net.
11:49 of 2nd period - Puck is out of play.
11:50 of 2nd period - Charlie Coyle wins face-off versus Cody Eakin in Harfangs zone.
11:53 of 2nd period - Slapshot by Jimmy Vesey.
11:53 of 2nd period - Stopped by Mark Visentin without a rebound.
11:54 of 2nd period - Cody Eakin wins face-off versus Charlie Coyle in Harfangs zone.
11:54 of 2nd period - Cody Eakin is hit by Beau Bennett.
12:07 of 2nd period - Slapshot by Cody Eakin.
12:07 of 2nd period - Stopped by Tyson Sexsmith without a rebound.
12:08 of 2nd period - Mark Olver wins face-off versus Cody Eakin in Influenza zone.
12:08 of 2nd period - Mark Olver is hit by Jimmy Hayes.
12:18 of 2nd period - Slapshot by Victor Bartley.
12:18 of 2nd period - Shot Blocked by Max Domi.
12:20 of 2nd period - Snap shot by Cody Eakin.
12:20 of 2nd period - Goal by Cody Eakin - Influenza : 6 - Harfangs : 2.
12:21 of 2nd period - Cody Eakin wins face-off versus Charlie Coyle in neutral zone.
12:34 of 2nd period - Jimmy Hayes is hit by Jimmy Vesey and loses puck.
12:47 of 2nd period - Iiro Pakarinen is hit by Andreas Martinsen and loses puck.
12:54 of 2nd period - Tomas Kubalik is hit by Iiro Pakarinen and loses puck.
13:17 of 2nd period - Wrist shot by Jordan Schroeder.
13:17 of 2nd period - Deflect By Reid McNeill.
13:17 of 2nd period - Shot Blocked by Andreas Martinsen.
13:17 of 2nd period - Puck is out of play.
13:18 of 2nd period - Cody Eakin wins face-off versus Charlie Coyle in Harfangs zone.
13:28 of 2nd period - Icing by Steve McCarthy.
13:29 of 2nd period - Charlie Coyle wins face-off versus Cody Eakin in Harfangs zone.
14:02 of 2nd period - Backhand shot by Andreas Martinsen.
14:02 of 2nd period - Stopped by Tyson Sexsmith without a rebound.
14:03 of 2nd period - Mark Olver wins face-off versus Calle Jarnkrok in Influenza zone.
14:05 of 2nd period - Minor Penalty to Iiro Pakarinen for Hooking.
14:06 of 2nd period - Cody Eakin wins face-off versus Charlie Coyle in Influenza zone.
15:29 of 2nd period - Tim Erixon is hit by Victor Bartley and loses puck.
16:00 of 2nd period - Brandon Pirri is hit by Mark Olver and loses puck.
16:05 of 2nd period - Penalty to Iiro Pakarinen is over, Iiro Pakarinen is back on ice.
16:25 of 2nd period - Snap shot by Jordan Schroeder.
16:25 of 2nd period - Stopped by Mark Visentin with a rebound.
16:45 of 2nd period - Snap shot by Brandon Pirri.
16:45 of 2nd period - Shot Misses the Net.
16:47 of 2nd period - Slapshot by Jake Dotchin.
16:47 of 2nd period - Stopped by Tyson Sexsmith without a rebound.
16:48 of 2nd period - Jake Guentzel wins face-off versus Calle Jarnkrok in Influenza zone.
16:48 of 2nd period - Jake Guentzel is hit by Andreas Martinsen.
17:12 of 2nd period - Cody Eakin is hit by Johan Larsson and loses puck.
17:49 of 2nd period - Wrist shot by Dustin Jeffrey.
17:49 of 2nd period - Goal by Dustin Jeffrey - Influenza : 6 - Harfangs : 3.
17:50 of 2nd period - Charlie Coyle wins face-off versus Calle Jarnkrok in neutral zone.
17:55 of 2nd period - Snap shot by Charlie Coyle.
17:55 of 2nd period - Shot Blocked by Victor Bartley.
17:57 of 2nd period - Snap shot by Beau Bennett.
17:57 of 2nd period - Shot Misses the Net.
17:59 of 2nd period - Slapshot by Beau Bennett.
17:59 of 2nd period - Shot Blocked by Tomas Kubalik.
18:01 of 2nd period - Snap shot by Calvin de Haan.
18:01 of 2nd period - Shot Blocked by Steve McCarthy.
18:03 of 2nd period - Slapshot by Calvin de Haan.
18:03 of 2nd period - Shot Misses the Net.
18:15 of 2nd period - Wrist shot by Jordan Schroeder.
18:15 of 2nd period - Stopped by Mark Visentin without a rebound.
18:16 of 2nd period - Jordan Schroeder wins face-off versus Cody Eakin in Harfangs zone.
18:19 of 2nd period - Wrist shot by Jordan Schroeder.
18:19 of 2nd period - Deflect By Nikita Gusev.
18:19 of 2nd period - Stopped by Mark Visentin without a rebound.
18:20 of 2nd period - Cody Eakin wins face-off versus Jordan Schroeder in Harfangs zone.
18:27 of 2nd period - Paul Ladue is hit by Dustin Jeffrey and loses puck.
18:32 of 2nd period - Snap shot by Dustin Jeffrey.
18:32 of 2nd period - Shot Misses the Net.
18:34 of 2nd period - Wrist shot by Dylan Olsen.
18:34 of 2nd period - Stopped by Tyson Sexsmith without a rebound.
18:35 of 2nd period - Calle Jarnkrok wins face-off versus Charlie Coyle in Influenza zone.
19:00 of 2nd period - Jimmy Hayes is hit by Iiro Pakarinen and loses puck.
19:09 of 2nd period - Dylan Olsen is hit by Calvin de Haan and loses puck.
19:46 of 2nd period - Wrist shot by Johan Larsson.
19:46 of 2nd period - Shot Misses the Net.
19:48 of 2nd period - Snap shot by Paul Ladue.
19:48 of 2nd period - Stopped by Mark Visentin without a rebound.
19:49 of 2nd period - Cody Eakin wins face-off versus Charlie Coyle in Harfangs zone.
19:58 of 2nd period - Snap shot by Cody Eakin.
19:58 of 2nd period - Stopped by Tyson Sexsmith without a rebound.
19:59 of 2nd period - Cody Eakin wins face-off versus Charlie Coyle in Influenza zone.
Goals for this period are 2 for Influenza vs 2 for Harfangs.
Shots for this period are 15 for Influenza vs 11 for Harfangs.
3rd period
0:01 of 3rd period - Cody Eakin wins face-off versus Charlie Coyle in neutral zone.
0:06 of 3rd period - Slapshot by Jimmy Hayes.
0:06 of 3rd period - Stopped by Tyson Sexsmith without a rebound.
0:07 of 3rd period - Charlie Coyle wins face-off versus Cody Eakin in Influenza zone.
0:55 of 3rd period - Slapshot by Steve McCarthy.
0:55 of 3rd period - Shot Misses the Net.
0:58 of 3rd period - Icing by Calvin de Haan.
0:59 of 3rd period - Charlie Coyle wins face-off versus Tomas Kubalik in Influenza zone.
1:21 of 3rd period - Snap shot by Jimmy Vesey.
1:21 of 3rd period - Shot Misses the Net.
1:25 of 3rd period - Wrist shot by Beau Bennett.
1:25 of 3rd period - Stopped by Mark Visentin with a rebound.
1:27 of 3rd period - Wrist shot by Charlie Coyle.
1:27 of 3rd period - Stopped by Mark Visentin without a rebound.
1:28 of 3rd period - Boone Jenner wins face-off versus Mark Olver in Harfangs zone.
1:28 of 3rd period - Boone Jenner is hit by Max Domi.
1:44 of 3rd period - Snap shot by Boone Jenner.
1:44 of 3rd period - Shot Misses the Net.
1:54 of 3rd period - Brenden Kichton is hit by Tim Erixon and loses puck.
2:50 of 3rd period - Backhand shot by Jordan Schroeder.
2:50 of 3rd period - Stopped by Mark Visentin with a rebound.
3:08 of 3rd period - Slapshot by Dmitry Sinitsyn.
3:08 of 3rd period - Stopped by Mark Visentin with a rebound.
3:10 of 3rd period - Slapshot by Nikita Zadorov.
3:10 of 3rd period - Deflect By Nikita Gusev.
3:10 of 3rd period - Shot Blocked by Brandon Pirri.
3:10 of 3rd period - Puck is out of play.
3:11 of 3rd period - Mark Olver wins face-off versus Cody Eakin in Harfangs zone.
3:36 of 3rd period - Beau Bennett is hit by Tomas Kubalik and loses puck.
3:45 of 3rd period - Wrist shot by Calle Jarnkrok.
3:45 of 3rd period - Shot Misses the Net.
4:20 of 3rd period - Snap shot by Cody Eakin.
4:20 of 3rd period - Stopped by Tyson Sexsmith with a rebound.
4:22 of 3rd period - Slapshot by Cody Eakin.
4:22 of 3rd period - Deflect By Tim Erixon.
4:22 of 3rd period - Shot Misses the Net.
4:22 of 3rd period - Puck is out of play.
4:23 of 3rd period - Charlie Coyle wins face-off versus Cody Eakin in Influenza zone.
4:57 of 3rd period - Wrist shot by Max Domi.
4:57 of 3rd period - Shot Misses the Net.
5:36 of 3rd period - Snap shot by Colton Sissons.
5:36 of 3rd period - Deflect By Jujhar Khaira.
5:36 of 3rd period - Shot Blocked by Mathieu Carle.
5:36 of 3rd period - Puck is out of play.
5:37 of 3rd period - Charlie Coyle wins face-off versus Cody Eakin in Influenza zone.
6:11 of 3rd period - Snap shot by Max Domi.
6:11 of 3rd period - Shot Misses the Net.
6:31 of 3rd period - Icing by Jake Dotchin.
6:32 of 3rd period - Boone Jenner wins face-off versus Charlie Coyle in Harfangs zone.
6:37 of 3rd period - Dmitry Sinitsyn is hit by Brandon Saad and loses puck.
6:48 of 3rd period - Snap shot by Brandon Saad.
6:48 of 3rd period - Shot Misses the Net.
6:50 of 3rd period - Snap shot by Boone Jenner.
6:50 of 3rd period - Shot Blocked by Dmitry Sinitsyn.
6:52 of 3rd period - Slapshot by Mark Alt.
6:52 of 3rd period - Stopped by Tyson Sexsmith without a rebound.
6:53 of 3rd period - Mark Olver wins face-off versus Cody Eakin in Influenza zone.
6:53 of 3rd period - Mark Olver is hit by Dustin Jeffrey.
7:15 of 3rd period - Minor Penalty to Jimmy Hayes for High sticking.
7:16 of 3rd period - Cody Eakin wins face-off versus Charlie Coyle in Harfangs zone.
7:29 of 3rd period - Snap shot by Beau Bennett.
7:29 of 3rd period - Shot Blocked by Steve McCarthy.
7:41 of 3rd period - Calvin de Haan is hit by Andreas Martinsen and loses puck.
8:01 of 3rd period - Off-side.
8:02 of 3rd period - Charlie Coyle wins face-off versus Boone Jenner in neutral zone.
8:56 of 3rd period - Minor Penalty to Tim Erixon for Hooking.
8:57 of 3rd period - Charlie Coyle wins face-off versus Cristoval Nieves in Influenza zone.
9:04 of 3rd period - Wrist shot by Beau Bennett.
9:04 of 3rd period - Stopped by Mark Visentin without a rebound.
9:05 of 3rd period - Cody Eakin wins face-off versus Charlie Coyle in Harfangs zone.
9:10 of 3rd period - Slapshot by Dylan Olsen.
9:10 of 3rd period - Deflect By Charlie Coyle.
9:10 of 3rd period - Stopped by Tyson Sexsmith with a rebound.
9:12 of 3rd period - Slapshot by Dylan Olsen.
9:12 of 3rd period - Shot Blocked by Calvin de Haan.
9:14 of 3rd period - Slapshot by Reid McNeill.
9:14 of 3rd period - Shot Misses the Net.
9:15 of 3rd period - Penalty to Jimmy Hayes is over, Jimmy Hayes is back on ice.
9:16 of 3rd period - Slapshot by Dylan Olsen.
9:16 of 3rd period - Shot Blocked by Mathieu Carle.
9:18 of 3rd period - Slapshot by Dylan Olsen.
9:18 of 3rd period - Stopped by Tyson Sexsmith with a rebound.
9:22 of 3rd period - Wrist shot by Jimmy Hayes.
9:22 of 3rd period - Shot Misses the Net.
10:10 of 3rd period - Calvin de Haan is hit by Jimmy Hayes and loses puck.
10:56 of 3rd period - Penalty to Tim Erixon is over, Tim Erixon is back on ice.
11:39 of 3rd period - Tim Erixon is hit by Calle Jarnkrok and loses puck.
11:50 of 3rd period - Snap shot by Boone Jenner.
11:50 of 3rd period - Shot Hit the Post.
11:52 of 3rd period - Snap shot by Brandon Pirri.
11:52 of 3rd period - Shot Blocked by Dmitry Sinitsyn.
12:33 of 3rd period - Calvin de Haan is hit by Andreas Martinsen and loses puck.
12:54 of 3rd period - Steve McCarthy is hit by Beau Bennett and loses puck.
13:38 of 3rd period - Wrist shot by Tomas Kubalik.
13:38 of 3rd period - Goal by Tomas Kubalik - Influenza : 6 - Harfangs : 4.
13:39 of 3rd period - Cody Eakin wins face-off versus Charlie Coyle in neutral zone.
13:49 of 3rd period - Off-side.
13:50 of 3rd period - Cody Eakin wins face-off versus Charlie Coyle in neutral zone.
15:34 of 3rd period - Slapshot by Dylan Olsen.
15:34 of 3rd period - Deflect By Justin Bailey.
15:34 of 3rd period - Stopped by Tyson Sexsmith without a rebound.
15:35 of 3rd period - Colton Sissons wins face-off versus Jake Guentzel in Influenza zone.
15:40 of 3rd period - Wrist shot by Jujhar Khaira.
15:40 of 3rd period - Shot Misses the Net.
15:42 of 3rd period - Minor Penalty to Dmitry Sinitsyn for Interference.
15:43 of 3rd period - Charlie Coyle wins face-off versus Cody Eakin in Influenza zone.
15:43 of 3rd period - Charlie Coyle is hit by Dustin Jeffrey.
15:57 of 3rd period - Wrist shot by Dustin Jeffrey.
15:57 of 3rd period - Stopped by Tyson Sexsmith with a rebound.
15:59 of 3rd period - Slapshot by Victor Bartley.
15:59 of 3rd period - Shot Misses the Net.
16:38 of 3rd period - Icing by Calle Jarnkrok.
16:39 of 3rd period - Beau Bennett wins face-off versus Calle Jarnkrok in Harfangs zone.
17:04 of 3rd period - Slapshot by Dylan Olsen.
17:04 of 3rd period - Shot Misses the Net.
17:06 of 3rd period - Slapshot by Dylan Olsen.
17:06 of 3rd period - Stopped by Tyson Sexsmith with a rebound.
17:42 of 3rd period - Penalty to Dmitry Sinitsyn is over, Dmitry Sinitsyn is back on ice.
17:58 of 3rd period - Slapshot by Jordan Schroeder.
17:58 of 3rd period - Deflect By Nikita Gusev.
17:58 of 3rd period - Stopped by Mark Visentin with a rebound.
18:00 of 3rd period - Slapshot by Paul Ladue.
18:00 of 3rd period - Stopped by Mark Visentin without a rebound.
18:01 of 3rd period - Anthony Mantha wins face-off versus Colton Sissons in Harfangs zone.
18:21 of 3rd period - Reid McNeill is hit by Johan Larsson and loses puck.
18:33 of 3rd period - Minor Penalty to Calvin de Haan for Hooking.
18:34 of 3rd period - Charlie Coyle wins face-off versus Cody Eakin in Influenza zone.
19:38 of 3rd period - Nikita Zadorov is hit by Cody Eakin.
Goals for this period are 0 for Influenza vs 1 for Harfangs.
Shots for this period are 7 for Influenza vs 9 for Harfangs.
Back to the Top